 Dungeon Crawl Stone Soup version 0.27-a0-1071-ga85bd9520d (webtiles) character file.

Game seed: 6147887685565771044

2781 1player the Changer (level 9, 0/63 HPs)
             Began as an Octopode Transmuter on Apr 24, 2021.
             Was a Follower of Dithmenos.
             Succumbed to a hornet's poison
             ... while paralysed by a hornet
             ... on level 7 of the Dungeon.
             The game lasted 00:31:39 (13343 turns).

1player the Changer (Octopode Transmuter)          Turns: 13343, Time: 00:31:40

Health: 0/63       AC:  1    Str:  9    XL:     9   Next: 70%
Magic:  12/12      EV:  2    Int: 16    God:    Dithmenos [*.....]
Gold:   412        SH:  0    Dex: 15    Spells: 6/12 levels left

rFire    . . .     SeeInvis .     - Unarmed
rCold    . . .     Faith    .   (no shield)
rNeg     . . .     Spirit   .   (helmet currently unavailable)
rPois    .         Reflect  .   m - amulet of the acrobat
rElec    .         Harm     .   (no ring)
rCorr    .         Rampage  .   (no ring)
Will     .....                  (no ring)
Stlth    +++.......             (no ring)
HPRegen  0.20/turn              (no ring)
MPRegen  0.13/turn              (no ring)
                                (no ring)
                                (no ring)

@: paralysed, lethally poisoned (0 -> -18), appendages (expiring), slowed,
wreathed by umbra
A: tentacle spike 3, almost no armour, amphibious, 8 rings, camouflage 1,
gelatinous body 1, (nimble swimmer 1), tentacles
a: End Transformation, Renounce Religion


You were on level 7 of the Dungeon.
You worshipped Dithmenos.
Dithmenos was aware of your devotion.
One of your tentacles had grown a beastly spike.
You visited 2 branches of the dungeon, and saw 8 of its levels.

You collected 460 gold pieces.
You spent 48 gold pieces at shops.

Inventory:

Missiles
 f - 9 poisoned darts (quivered)
Jewellery
 m - an amulet of the acrobat (around mantle)
 r - an amulet of faith
 x - a ring of ice
Wands
 w - a wand of charming (13)
 y - a wand of flame (30)
Scrolls
 a - 2 scrolls of enchant weapon
 d - a scroll of acquirement
 e - 3 scrolls of magic mapping
 g - 2 scrolls of teleportation
 k - a scroll of blinking
Potions
 b - a potion of ambrosia
 c - 2 potions of curing {@q1}
 h - a potion of flight
 i - 2 potions of magic
 l - 2 potions of resistance {unknown}
 q - a potion of attraction {unknown}
 s - 2 potions of might {unknown}
 t - a potion of berserk rage {unknown}
 u - a potion of mutation {unknown}
 v - a potion of brilliance {unknown}


   Skills:
 + Level 6.5 Fighting
 + Level 6.7 Dodging
 - Level 6.0 Unarmed Combat
 - Level 2.0 Spellcasting
 * Level 7.8 Transmutations


You had 6 spell levels left.
You knew the following spells:

 Your Spells              Type           Power      Damage    Failure   Level
q - Beastly Appendage     Tmut           52%        N/A       1%          1
w - Spider Form           Tmut/Pois      7%         N/A       12%         3
z - Wereblood             Tmut           26%        N/A       1%          2

Your spell library contained the following spells:

 Spells                   Type           Power      Damage    Failure   Level
 Animate Skeleton         Necr           2%         N/A       21%         1
 Apportation              Tloc           2%         N/A       21%         1
 Corona                   Hex            1%         N/A       21%         1
 Magic Dart               Conj           4%         1d3       21%         1
 Summon Small Mammal      Summ           4%         N/A       21%         1
 Hydra Form               Tmut           13%        N/A       22%         5
 Searing Ray              Conj           2%         3d3       30%         2
 Ice Form                 Ice/Tmut       14%        N/A       38%         4
 Dazzling Flash           Conj/Hex       2%         N/A       52%         3
 Fulminant Prism          Conj/Hex       0%         3d6       90%         4
 Iskenderun's Mystic Bla  Conj/Tloc      1%         2d3       90%         4


Dungeon Overview and Level Annotations

Branches:
Dungeon (7/15)             Temple (1/1) D:4

Altars:
Ashenzari
Cheibriados
Dithmenos
Elyvilon
Fedhas
Gozag
Hepliaklqana
Kikubaaqudgha
Makhleb
Nemelex Xobeh
Okawaru
Qazlal
Ru
Sif Muna
Trog
Uskayaw
Vehumet
Wu Jian
Xom
Yredelemnul
The Shining One

Shops:
D:7 *

Annotations:
D:5 Eustachio
D:7 1 runed translucent door, kae's ghost, novice NaTm


Innate Abilities, Weirdness & Mutations

One of your tentacles has grown a beastly spike.
You cannot wear most types of armour.
You are amphibious.
You can wear up to eight rings at the same time.
Your skin changes colour to match your surroundings (Stealth+).
Your rubbery body absorbs attacks. (AC +1, EV +1)
((You are camouflaged near water. (Stealth+)))
You have tentacles for arms and can constrict up to eight enemies at once.


Message History

Press: ? - help, Q - select action, (/) - cycle Shift-Dir - straight line, f/p - hornet
Aim: a hornet (lightly wounded, poisoned, umbra, 48% to hit)
You throw a poisoned dart.
The poisoned dart closely misses the hornet.
You feel yourself speed up. The hornet completely misses you.
The hornet closely misses you.
You closely miss the hornet. You grab the hornet.
The hornet is lightly wounded.
You constrict the hornet, but do no damage.
The hornet closely misses you.
An orc priest comes into view. It is wielding a +0 hand axe.
You tentacle-slap the hornet but do no damage.
You pierce the hornet, but do no damage.
The hornet is moderately wounded.
You constrict the hornet. The hornet stings you.
You feel yourself slow down. The hornet barely misses you.
Okay, then.
You tentacle-slap the hornet but do no damage.
You pierce the hornet.
You squeeze the hornet, but do no damage.
The hornet is heavily wounded.
You constrict the hornet. The hornet completely misses you.
You barely miss the hornet.
You pierce the hornet, but do no damage.
The hornet is heavily wounded.
You constrict the hornet.
The hornet looks more healthy.
The hornet stings you.
You are poisoned.
You suddenly lose the ability to move!
You lose your grip on the hornet.
The hornet stings you!
* * * LOW HITPOINT WARNING * * *
You feel as though you will be slow longer.
Your transformation is almost over.
* * * LOW HITPOINT WARNING * * *
You feel very sick. The hornet completely misses you. The hornet stings you.
* * * LOW HITPOINT WARNING * * *
You are more poisoned.
You shrug off the repeated paralysis!
You die...

#...# #.##....###.. ##J
######...####.##....###..#
.. #
#...........#.#......#. ##
#..
#........##.#..(.##...#
#y.
#........##.#....###..#
(.# #......####.#...##
...# ###.. #......#
#.#....##...# #..#
#......##
#...#.y....######o.##..
#.......# #..###@...##
#......... #.......#
#..###..).## #)#######+
####....# #..##......###.#
#<...###..#...##o.(##.#
#.........#...###.('(.#
#.###.....#..###...####
####.#.......#...##...#
.....#.#.....##......##
...#....<....###....##
.⌠..


You could see a hornet and an orc priest.

Vanquished Creatures
  Sigmund (D:2)
  3 water moccasins
  A black bear (D:6)
  An ice beast (D:7)
  3 necrophages
  3 ogres
  A phantom (D:6)
  Blork the orc (D:5)
  A kobold brigand (D:6)
  2 bullfrogs (D:6)
  A wyvern zombie (D:6)
  3 scorpions
  2 water moccasin skeletons (D:6)
  3 killer bees (D:7)
  2 howler monkeys
  2 orc priests (D:5)
  A centaur skeleton (D:7)
  A centaur zombie (D:6)
  2 jellies
  2 hounds
  3 iguanas
  3 orc wizards
  Natasha (thrice) (D:3)
  A scorpion zombie (D:5)
  Terence (D:3)
  A killer bee zombie (D:6)
  Robin (D:3)
  2 howler monkey zombies (D:6)
  8 adders
  4 gnolls (D:3)
  A shadow imp (D:5)
  A white imp (D:6)
  An ufetubus (D:6)
  An adder zombie (D:5)
  An adder skeleton (D:4)
  A worm (D:2)
  A dart slug (D:1)
  10 orcs
  5 bats
  6 endoplasms
  5 giant cockroaches
  19 goblins
  8 hobgoblins
  2 jackals (D:4)
  2 quokkas
  4 ball pythons
  5 frilled lizards
  11 kobolds
  6 rats (D:1)
153 creatures vanquished.

Vanquished Creatures (others)
  6 plants (D:2)
  A withered plant (D:7)
7 creatures vanquished.

Grand Total: 160 creatures vanquished

Notes
Turn   | Place    | Note
-------+----------+-------------------------------------------
     0 | D:1      | 1player the Octopode Transmuter began the quest for the
                  | Orb.
     0 | D:1      | Reached XP level 1. HP: 13/13 MP: 3/3
   207 | D:1      | Reached XP level 2. HP: 11/18 MP: 3/5
  1283 | D:1      | Reached XP level 3. HP: 11/23 MP: 3/6
  1454 | D:1      | Learned a level 2 spell: Wereblood
  1835 | D:2      | Noticed Sigmund
  1853 | D:2      | Killed Sigmund
  1854 | D:2      | Reached XP level 4. HP: 8/30 MP: 7/7
  1854 | D:2      | Reached XP level 5. HP: 10/35 MP: 8/8
  2934 | D:2      | You fall into a shaft and drop 1 floor!
  2935 | D:3      | Noticed Natasha
  3503 | D:3      | Found a faded altar of an unknown god.
  3634 | D:3      | Noticed Terence
  4017 | D:3      | Killed Terence
  4196 | D:3      | Noticed Robin
  4240 | D:3      | Killed Robin
  4241 | D:3      | Reached skill level 5 in Unarmed Combat
  4498 | D:3      | Killed Natasha
  4499 | D:3      | Reached XP level 6. HP: 27/41 MP: 7/9
  4519 | D:3      | Noticed Natasha
  4732 | D:3      | Killed Natasha
  4838 | D:3      | Noticed Natasha
  4844 | D:3      | Killed Natasha
  5411 | D:4      | Found a staircase to the Ecumenical Temple.
  5420 | Temple   | Entered the Ecumenical Temple
  5815 | Temple   | Became a worshipper of Dithmenos the Shadowed
  6097 | D:4      | Reached XP level 7. HP: 33/46 MP: 8/10
  6662 | D:5      | Entered Level 5 of the Dungeon
  6668 | D:5      | Noticed Blork the orc
  7018 | D:5      | Killed Blork the orc
  7019 | D:5      | Reached skill level 3 in Transmutations
  7586 | D:5      | Reached XP level 8. HP: 54/54 MP: 8/11
  7921 | D:5      | Reached skill level 4 in Transmutations
  7966 | D:5      | Reached skill level 5 in Dodging
  8612 | D:6      | Noticed Eustachio
  8680 | D:6      | Reached skill level 5 in Fighting
  8728 | D:6      | Reached skill level 5 in Transmutations
 11497 | D:6      | Reached skill level 6 in Transmutations
 11497 | D:6      | Reached XP level 9. HP: 46/61 MP: 10/12
 11501 | D:6      | Learned a level 3 spell: Spider Form
 11918 | D:6      | Reached * piety under Dithmenos
 12214 | D:7      | Reached skill level 7 in Transmutations
 12357 | D:7      | Noticed a hornet
 12418 | D:7      | Found Zahahec's Assorted Antiques.
 12453 | D:7      | Identified a scroll of acquirement
 12461 | D:7      | Bought a scroll labelled UNAOSHEECA for 24 gold pieces
 12461 | D:7      | Bought a scroll labelled DUOTARE XAROTOUST for 24 gold
                  | pieces
 13219 | D:7      | Found a runed translucent door.
 13223 | D:7      | Noticed kae's ghost (novice NaTm)
 13341 | D:7      | Paralysed by a hornet for 3 turns
 13342 | D:7      | HP: 3/63 [hornet (6)]
 13343 | D:7      | Succumbed to a hornet's poison

Illustrated notes

Levels and vault maps discovered:
D:1:      dpeg_arrival_chambers_temple_mockup, layout_basic, minmay_bisected
D:2:      layout_basic, serial_bayou, serial_bayou_lake_a,
          serial_bayou_crossing, serial_bayou_ford_a, serial_bayou_pond_e,
          minivault_24, uniq_sigmund
D:3:      layout_rooms, hellmonk_ecumenical_altar_inner_sanctum,
          grunt_decor_fettered, minmay_cut_off, uniq_natasha, uniq_terence,
          uniq_robin
D:4:      layout_loops_ring, minmay_temple_entry_poolview, due_unseen_surprise
D:5:      layout_basic, uniq_blork_the_orc
D:6:      cheibrodos_barr_body, layout_loops_ring, chequers_serial_rivers_marsh,
          kennysheep_doodads, uniq_eustachio
D:7:      wad_guarded_room, layout_basic, gammafunk_ghost_grave, serial_shops,
          shop_fountains, minivault_24, uniq_crazy_yiuf_cottage
Temple:   nicolae_temple_the_god_donut

Skill      XL: |  1  2  3  4  5  6  7  8  9 |
---------------+----------------------------+-----
Fighting       | 2 3 4 5 6 |  6.5
Dodging        | 3 4 5 6 |  6.7
Unarmed Combat | 4 5 6 |  6.0
Transmutations | 3 6 7 |  7.8
Spellcasting   | |  2.0

Action                   |  1- 3 |  4- 6 |  7- 9 || total
-------------------------+-------+-------+-------++-------
Melee: Unarmed           |    58 |   103 |   289 ||   450
       Kick              |    11 |    31 |    83 ||   125
       Constrict         |    11 |    34 |    59 ||   104
       Tentacles         |    12 |    16 |    57 ||    85
       Punch             |     1 |     5 |    11 ||    17
Throw: Dart              |     7 |    28 |    57 ||    92
 Cast: Beastly Appendage |    22 |    32 |    38 ||    92
       Wereblood         |     1 |     5 |     6 ||    12
       Spider Form       |       |       |     1 ||     1
  Use: Scroll            |       |     4 |     9 ||    13
       Potion            |       |       |     4 ||     4
 Stab: Sleeping          |     2 |     5 |     4 ||    11
Armor: Skin              |       |     6 |     6 ||    12
Dodge: Dodged            |    30 |    64 |   283 ||   377

Table legend: (Time is in decaauts)
 A = Elapsed time spent in this place.
 B = Non-inter-level travel time spent in this place.
 C = Inter-level travel time spent in this place.
 D = Time resting spent in this place.
 E = Time spent auto-exploring this place.
 F = Levels seen in this place.
 G = Mean time per level.
                   A        B        C        D        E       F      G
               +--------+--------+--------+--------+--------+-----+--------+
         Total |  13323 |  12854 |    469 |   5774 |   4386 |   8 | 1665.4 |
       Dungeon |  12917 |  12480 |    437 |   5774 |   4016 |   7 | 1845.3 |
        Temple |    406 |    374 |     32 |      0 |    370 |   1 |  406.0 |
               +--------+--------+--------+--------+--------+-----+--------+

Top non-repeatable levels by time:
     D:5: 3088 daAuts
     D:6: 2458 daAuts
     D:2: 1994 daAuts
     D:1: 1797 daAuts
     D:3: 1403 daAuts
     D:4: 1191 daAuts
     D:7: 983 daAuts
  Temple: 406 daAuts
